 Dungeon Crawl Stone Soup version 0.31-a0-1589-g8f5e8aebd6 (webtiles) character file.

Game seed: 10204738398708635244

261 CougarLife the Ruffian (level 6, 47/47 HPs)
             Began as a Gnoll Shapeshifter on Jan 6, 2024.
             Quit the game on level 2 of the Dungeon.
             The game lasted 00:04:29 (2313 turns).

CougarLife the Ruffian (Gnoll Shapeshifter)         Turns: 2313, Time: 00:04:30

Health: 47/47      AC:  2    Str: 15    XL:     6   Next: 18%
Magic:  8/8        EV: 13    Int:  9    God:
Gold:   241        SH:  0    Dex: 12    Spells: 8/8 levels left

rFire   . .          .
                       - Unarmed
rCold   . . .        (no shield)
rNeg    . . .        a - +0 animal skin
rPois   .            g - melded +0 helmet
rElec   .            (cloak currently unavailable)
rCorr   .            j - melded +0 pair of gloves
SInv    .            (boots currently unavailable)
Will    .....        (no amulet)
Stlth   ++           (no ring)
HPRegen 0.27/turn    (no ring)
MPRegen 0.11/turn

%: no passive effects
@: beast-form
A: beast (slay +3), fangs 1, strong nose, distributed training
a: Begin Untransformation


You were on level 2 of the Dungeon.
You were a hulking beast.
You visited 1 branch of the dungeon, and saw 4 of its levels.

You collected 241 gold pieces.

Inventory:

Armour
 a - a +0 animal skin (worn)
 g - a +0 helmet (melded)
 j - a +0 pair of gloves (melded)
Talismans
 c - a beast talisman (active)
 d - a flux talisman
Scrolls
 e - 4 scrolls of identify {unknown}
 k - a scroll of teleportation {unknown}
 l - a scroll of fog {unknown}
 m - 2 scrolls of poison {unknown}
Potions
 b - a potion of lignification
 f - a potion of brilliance {unknown}
 h - 2 potions of curing {unknown}
 i - a potion of ambrosia {unknown}
 n - a potion of berserk rage {unknown}
 o - a potion of heal wounds {unknown}


   Skills:
 + Level 3.2 Fighting
 + Level 1.9 Short Blades
 + Level 1.9 Long Blades
 + Level 1.9 Axes
 + Level 1.9 Maces & Flails
 + Level 1.9 Polearms
 + Level 1.9 Staves
 + Level 1.9 Ranged Weapons
 + Level 1.9 Throwing
 + Level 1.9 Armour
 + Level 5.0 Dodging
 + Level 1.9 Stealth
 + Level 1.9 Shields
 + Level 6.8 Unarmed Combat
 + Level 1.9 Spellcasting
 + Level 1.5 Conjurations
 + Level 1.5 Hexes
 + Level 1.5 Summonings
 + Level 1.5 Necromancy
 + Level 1.5 Translocations
 + Level 1.5 Fire Magic
 + Level 1.5 Ice Magic
 + Level 1.5 Air Magic
 + Level 1.5 Earth Magic
 + Level 1.5 Alchemy
 + Level 2.1 Invocations
 + Level 1.9 Evocations
 + Level 6.7 Shapeshifting


You had 8 spell levels left.
You didn't know any spells.
Your spell library was empty.

Dungeon Overview and Level Annotations

Branches:
Dungeon (4/15)
 Temple: D:4-7

Altars:
Elyvilon

Annotations:
D:1 1 transporter


Innate Abilities, Weirdness & Mutations

You are a hulking beast.
Your limbs bulge with bestial killing power. (Slay +3)
You have very sharp teeth.
Your uncanny sense of smell can sniff out nearby items.
Your experience applies equally to all skills.


Message History

The orc priest looks braver for a moment.
The goblin hits you with a +0 club.
The kobold shouts!
You are too injured to fight recklessly!
The orc priest miscasts a cantrip.
The kobold throws a stone.
The stone closely misses you. The goblin attacks as it pursues you!
The goblin barely misses you.
The orc priest looks satisfied for a moment.
The orc priest looks encouraged for a moment.
The goblin attacks as it pursues you! The goblin hits you but does no damage.
The orc priest casts a cantrip, but nothing happens.
The goblin attacks as it pursues you! The goblin hits you with a +0 club.
Items here: )) [[ †.
The goblin attacks as it pursues you! The goblin barely misses you.
Items here: ))) [[ †††.
You see here a bat corpse.
The goblin attacks as it pursues you! The goblin hits you with a +0 club.
The goblin attacks as it pursues you! The goblin barely misses you.
The goblin attacks as it pursues you! The goblin closely misses you.
The goblin attacks as it pursues you! The goblin hits you with a +0 club.
The goblin hits you but does no damage.
There is an escape hatch in the ceiling here.
The orc throws a boomerang.
The boomerang hits you. The goblin barely misses you.
A mysterious force pulls you upwards. The hatch slams shut behind you.
You closely miss the goblin. The goblin hits you with a +0 club.
You barely miss the goblin. The goblin hits you with a +0 club.
You miss the goblin. You punch the goblin!
You kill the goblin!
You now have 241 gold pieces (gained 14).
Things that are here:
a +0 club; a goblin corpse You start resting.
HP restored.
Things that are here:
a +0 club; a goblin corpse Unknown command.
Done exploring.
Are you sure you want to abandon this character and quit the game? (Confirm with "yes".)

##.....##.....##
##..............#
#................
#>÷.............. ##########
#................
......<..########................
######...........................
.................................
####............h...............#
#.......##.#...#.....#........
#^.....)##.###.###..####.....#
#####.....###.# #.###.####..#.#.#
..........###.###...#.# #........
####.......##..###....###...#.#..
####.......##....................
..........<....###...####........
###.#.....####.##..#.## ######.##


There were no monsters in sight!

Vanquished Creatures
  A bullfrog (D:2)
  A jelly (D:4)
  An orc priest (D:3)
  Jessica (D:2)
  An orc wizard (D:3)
  An adder (D:4)
  3 dart slugs
  5 orcs
  5 endoplasms
  3 giant cockroaches
  5 goblins
  9 hobgoblins
  A jackal (D:2)
  4 kobolds
  2 quokkas
  4 ball pythons
  8 bats
  7 frilled lizards (D:1)
  11 rats
73 creatures vanquished.

Notes
Turn   | Place    | Note
-------+----------+-------------------------------------------
     0 | D:1      | CougarLife the Gnoll Shapeshifter began the quest for the
                  | Orb.
     0 | D:1      | Reached XP level 1. HP: 17/17 MP: 1/1
    96 | D:1      | Reached XP level 2. HP: 21/23 MP: 2/2
   350 | D:1      | Reached XP level 3. HP: 25/28 MP: 3/3
   672 | D:1      | Reached skill level 1 in Invocations
  1043 | D:2      | Reached skill level 1 in Short Blades
  1043 | D:2      | Reached skill level 1 in Long Blades
  1043 | D:2      | Reached skill level 1 in Axes
  1043 | D:2      | Reached skill level 1 in Maces & Flails
  1043 | D:2      | Reached skill level 1 in Polearms
  1043 | D:2      | Reached skill level 1 in Staves
  1043 | D:2      | Reached skill level 1 in Ranged Weapons
  1043 | D:2      | Reached skill level 1 in Throwing
  1043 | D:2      | Reached skill level 1 in Armour
  1043 | D:2      | Reached skill level 1 in Stealth
  1043 | D:2      | Reached skill level 1 in Shields
  1043 | D:2      | Reached skill level 1 in Spellcasting
  1043 | D:2      | Reached skill level 1 in Evocations
  1144 | D:2      | Noticed Jessica
  1148 | D:2      | Killed Jessica
  1149 | D:2      | Reached XP level 4. HP: 34/34 MP: 5/5
  1221 | D:2      | You fall into a shaft and drop 2 floors!
  1249 | D:4      | Reached skill level 1 in Conjurations
  1249 | D:4      | Reached skill level 1 in Hexes
  1249 | D:4      | Reached skill level 1 in Summonings
  1249 | D:4      | Reached skill level 1 in Necromancy
  1249 | D:4      | Reached skill level 1 in Translocations
  1249 | D:4      | Reached skill level 1 in Fire Magic
  1249 | D:4      | Reached skill level 1 in Ice Magic
  1249 | D:4      | Reached skill level 1 in Air Magic
  1249 | D:4      | Reached skill level 1 in Earth Magic
  1249 | D:4      | Reached skill level 1 in Alchemy
  1398 | D:4      | Found a white marble altar of Elyvilon.
  1415 | D:4      | Reached XP level 5. HP: 38/40 MP: 5/7
  2072 | D:3      | Reached XP level 6. HP: 45/47 MP: 8/8
  2103 | D:3      | Reached skill level 5 in Dodging
  2313 | D:2      | Quit the game

Illustrated notes

Levels and vault maps discovered:
D:1:      spicycebolla_arrival_risky_transporter, layout_basic,
          minmay_rat_gold_closets
D:2:      layout_rooms, serial_glass, glass_columns_a, glass_columns_a,
          minmay_indecisive_spiral, uniq_jessica
D:3:      layout_basic
D:4:      layout_basic, grunt_dithmenos_smoke_and_mirrors,
          nicolae_overflow_crystal_walls, elyvilon_altar_3,
          minmay_temple_entry_fiery, uniq_menkaure, uniq_edmund,
          uniq_blork_the_orc

Skill      XL: |  1  2  3  4  5  6 |
---------------+-------------------+-----
Invocations    | 1 2 |  2.1
Short Blades   | 1 |  1.9
Long Blades    | 1 |  1.9
Axes           | 1 |  1.9
Maces & Flails | 1 |  1.9
Polearms       | 1 |  1.9
Staves         | 1 |  1.9
Ranged Weapons | 1 |  1.9
Throwing       | 1 |  1.9
Armour         | 1 |  1.9
Stealth        | 1 |  1.9
Shields        | 1 |  1.9
Spellcasting   | 1 |  1.9
Evocations     | 1 |  1.9
Conjurations   | 1 |  1.5
Hexes          | 1 |  1.5
Summonings     | 1 |  1.5
Necromancy     | 1 |  1.5
Translocations | 1 |  1.5
Fire Magic     | 1 |  1.5
Ice Magic      | 1 |  1.5
Air Magic      | 1 |  1.5
Earth Magic    | 1 |  1.5
Alchemy        | 1 |  1.5
Fighting       | 3 |  3.2
Dodging        | 5 |  5.0
Unarmed Combat | |  6.8
Shapeshifting  | |  6.7

Action                     |  1- 3 |  4- 6 || total
---------------------------+-------+-------++-------
  Melee: Unarmed           |    87 |    63 ||   150
         Bite              |     5 |     6 ||    11
         Punch             |     8 |     3 ||    11
   Stab: Sleeping          |     6 |     3 ||     9
 Armour: Animal skin       |    30 |    37 ||    67
  Dodge: Dodged            |    55 |    44 ||    99
   Form: Beast             |     3 |       ||     3
                           |     2 |       ||     2

Table legend: (Time is in decaauts)
 A = Elapsed time spent in this place.
 B = Non-inter-level travel time spent in this place.
 C = Inter-level travel time spent in this place.
 D = Time resting spent in this place.
 E = Time spent auto-exploring this place.
 F = Levels seen in this place.
 G = Mean time per level.
                   A        B        C        D        E       F      G
               +--------+--------+--------+--------+--------+-----+--------+
         Total |   2295 |   2150 |    145 |    321 |   1190 |   4 |  573.8 |
       Dungeon |   2295 |   2150 |    145 |    321 |   1190 |   4 |  573.8 |
               +--------+--------+--------+--------+--------+-----+--------+

Top non-repeatable levels by time:
     D:1: 963 daAuts
     D:2: 745 daAuts
     D:4: 312 daAuts
     D:3: 273 daAuts
